Map: Dusk Towers

Players

CoLe - Winner!

  • Race: Terran Terran
  • League: Diamond

LilDicky

  • Race: Terran Terran
  • League: Diamond

VOD

http://www.twitch.tv/tumescentpie

Description

Time

  • Played on: Nov. 21, 2015, 10:25 p.m.
  • Length: 21:19
Show
View Real Time Build Order
Export as new Build Order

CoLe Terran - Winner!

Build Orders:  

Get SALT Encoding   

  12  0:00  SCV  
  13  0:13  Supply Depot  
  13  0:17  SCV  
  14  0:29  SCV  
  15  0:38  Barracks  
  15  0:42  Refinery  
  15  0:46  SCV  
  16  1:10  SCV  
  17  1:22  SCV  
  18  1:26  Marine  
  19  1:40  Command Center  
  19  1:44  Marine  
  20  2:00  SCV  
  21  2:02  Marine  
  22  2:15  Factory  
  22  2:16  Orbital Command  
  22  2:19  Refinery  
  22  2:20  Marine  
  22  2:32  Supply Depot  
  22  2:38  Marine  
  23  2:52  SCV, Orbital Command  
  23  2:58  Marine  
  25  3:01  Factory Tech Lab  
  25  3:04  SCV  
  26  3:09  Engineering Bay  
  26  3:16  SCV  
  27  3:20  Cyclone  
  27  3:26  SCV  
  31  3:28  SCV  
  32  3:36  Missile Turret  
  32  3:39  SCV  
  33  3:41  Marine  
  34  3:50  Missile Turret  
  34  3:52  Cyclone  
  37  3:57  SCV x2  
  39  4:09  SCV x2  
  41  4:12  Starport  
  42  4:20  Refinery  
  42  4:21  SCV x2  
  43  4:26  Siege Tank  
  46  4:38  Supply Depot  
  46  4:39  SCV x2  
  46  4:41  Marine  
  49  4:51  SCV x2  
  50  5:01  Viking  
  51  5:16  SCV x2  
  53  5:28  SCV  
  53  5:31  Viking  
  53  5:32  Command Center  
  54  5:41  SCV  
  55  5:43  Refinery  
  55  5:44  Siege Tank  
  58  5:53  SCV  
  59  6:01  Viking  
  59  6:16  Siege Tank  
  56  6:45  Viking  
  57  6:49  SCV x2, Siege Tank  
  57  6:52  Barracks  
  57  6:53  Barracks  
  58  7:01  SCV  
  58  7:15  Viking  
  60  7:21  SCV x2  
  62  7:23  Command Center  
  62  7:26  Supply Depot  
  62  7:29  Siege Tank  
  65  7:33  SCV x2  
  67  7:44  Barracks  
  67  7:45  SCV x2  
  69  7:57  SCV  
  69  7:58  SCV  
  68  8:01  Siege Tank  
  68  8:04  Barracks  
  71  8:10  SCV, Supply Depot  
  72  8:17  Barracks  
  72  8:20  Barracks Reactor x2  
  72  8:22  SCV  
  73  8:29  Supply Depot, Barracks  
  70  9:01  Marine x3  
  70  9:02  Marine x3  
  76  9:05  Orbital Command  
  76  9:07  Barracks  
  76  9:08  Barracks Tech Lab  
  76  9:19  Marine x4  
  76  9:20  Marine x2  
  82  9:27  Siege Tank  
  82  9:30  Orbital Command  
  85  9:32  Supply Depot  
  85  9:34  Barracks Tech Lab  
  85  9:37  Marine x4  
  89  9:45  Starport Reactor  
  82  10:10  Marine x4  
  82  10:11  SCV x3  
  89  10:23  SCV  
  63  10:55  Marine x2  
  63  10:56  Marine x3  
  61  10:57  SCV x3  
  61  10:58  Siege Tank, Medivac  
  61  10:59  Marine x2, Medivac  
  61  11:00  Barracks Reactor  
  61  11:02  Marine  
  74  11:06  Terran Infantry Weapons Level 1  
  74  11:07  Factory  
  74  11:08  Stimpack  
  74  11:09  SCV  
  75  11:13  Marine x3  
  75  11:14  Marine x2  
  75  11:17  Supply Depot, Missile Turret, Marine  
  81  11:23  Missile Turret  
  81  11:27  SCV x2, Missile Turret  
  81  11:28  SCV  
  84  11:35  Medivac x2  
  84  11:37  Missile Turret  
  84  11:39  Siege Tank  
  91  11:41  Barracks Reactor  
  91  11:42  Marine  
  91  11:43  Marine x4  
  91  11:44  Marauder x2  
  91  11:45  Missile Turret  
  100  11:57  Missile Turret, Marine x2  
  100  11:58  Refinery  
  100  12:00  Factory Tech Lab, Marine x2  
  100  12:01  Marine x3  
  106  12:05  Missile Turret  
  106  12:06  Refinery, Engineering Bay  
  106  12:07  Armory  
  107  12:09  Supply Depot, Marine x2  
  107  12:11  Siege Tank  
  107  12:15  Marine x2  
  112  12:16  Combat Shields  
  112  12:17  Missile Turret  
  112  12:19  Siege Tank  
  112  12:21  Marine x4  
  112  12:22  Marine  
  122  12:25  Marine x2  
  124  12:31  Marauder x2  
  128  12:38  Missile Turret  
  128  12:43  Siege Tank  
  131  12:45  Marine x2  
  133  12:56  Supply Depot  
  133  12:57  Starport, Marine x2  
  133  12:58  SCV, Terran Infantry Armor Level 1, Marauder x2  
  140  12:59  Armory  
  140  13:00  Terran Infantry Weapons Level 2  
  140  13:03  Terran Vehicle Weapons Level 1  
  140  13:18  Command Center  
  140  13:19  Marauder  
  142  13:28  Missile Turret  
  142  13:38  Missile Turret  
  142  13:39  Marine x3  
  142  13:40  Marauder  
  142  13:41  Starport Reactor, Marauder  
  149  13:44  Supply Depot  
  149  13:46  Supply Depot  
  149  13:48  Supply Depot  
  149  13:54  Supply Depot  
  149  13:58  Missile Turret  
  149  14:05  Marine  
  149  14:06  Marauder x2  
  149  14:09  Siege Tank x2  
  160  14:10  Missile Turret  
  160  14:12  Supply Depot  
  160  14:15  Supply Depot  
  160  14:19  Missile Turret  
  160  14:21  Viking  
  162  14:25  Viking  
  164  14:37  Supply Depot x2  
  164  14:39  Terran Vehicle And Ship Armor Level 1  
  164  14:41  Marine x2  
  166  14:47  Viking  
  166  14:52  Orbital Command  
  168  15:00  Marine  
  169  15:07  Refinery  
  169  15:11  Refinery  
  169  15:15  Marine x2  
  169  15:16  Marine, Marauder x2  
  176  15:29  Marine  
  176  15:32  Viking  
  176  15:33  Viking x2  
  183  15:37  Marauder  
  183  15:38  Marauder  
  183  15:41  Viking  
  189  15:46  SCV  
  190  15:52  Terran Ship Weapons Level 1  
  190  15:54  Terran Infantry Weapons Level 3, Terran Infantry Armor Level 2  
  190  16:00  Siege Tank x2  
  190  16:02  Viking  
  190  16:03  Viking  
  192  17:18  Marine x2  
  194  17:25  Marine  
  195  17:40  Viking x2  
  195  17:42  SCV  
  200  17:51  Starport  
  200  17:53  Starport  
  200  17:57  Command Center  
  184  18:56  Marine x3  
  184  18:57  Marauder x2  
  174  19:14  Marine x2  
  174  19:18  Marauder x2  
  176  19:29  Marine x2  
  176  19:30  Marine  
  176  19:31  Marine  
  179  19:40  Marauder x2  
  174  19:47  Marine x5  
  153  19:54  Marine x2  
  153  19:55  Marine  
  153  19:56  Marine  
  153  19:57  Starport Tech Lab  
  153  19:58  Starport Tech Lab  
  153  19:59  Starport  
  157  20:01  Marauder x2  
  157  20:04  Marine  
  157  20:05  Marine  
  161  20:22  Marauder  
  161  20:23  Marauder  
  155  20:28  Marine x3  
  155  20:34  Marine x2  
  160  20:37  Viking x2, Siege Tank x2  
  160  20:38  Viking x2  
  174  20:44  Command Center, Marauder x2  
  174  20:49  Fusion Core  
Show
View Real Time Build Order
Export as new Build Order

LilDicky Terran 

Build Orders: Banshee Rush 

Get SALT Encoding   

  12  0:01  SCV  
  13  0:13  SCV  
  14  0:18  Supply Depot  
  14  0:25  SCV  
  15  0:31  Refinery  
  15  0:40  SCV  
  16  0:46  Barracks  
  16  0:52  SCV  
  17  1:04  SCV  
  18  1:16  SCV  
  19  1:28  SCV  
  20  1:33  Marine  
  20  1:36  Supply Depot  
  21  1:41  Orbital Command  
  21  1:45  Refinery  
  21  1:51  Factory, Marine  
  22  2:09  Marine  
  22  2:10  SCV  
  24  2:27  Marine  
  25  2:31  SCV  
  26  2:37  Factory Tech Lab, Starport  
  26  2:43  SCV  
  27  2:49  Marine  
  28  2:55  SCV  
  29  3:02  Supply Depot  
  29  3:04  Widow Mine  
  30  3:13  SCV, Engineering Bay  
  31  3:24  Supply Depot  
  31  3:25  Banshee, Cloaking Field  
  34  3:38  SCV  
  35  3:42  Missile Turret  
  35  3:44  Factory Tech Lab  
  35  3:45  Marine  
  36  3:51  SCV  
  37  3:59  Supply Depot  
  37  4:03  SCV  
  37  4:04  Siege Tank  
  41  4:10  Raven  
  41  4:12  Marine  
  41  4:15  SCV  
  45  4:22  Supply Depot  
  45  4:29  Supply Depot  
  45  4:30  Marine  
  46  4:36  Siege Tank  
  49  4:48  Command Center, Marine  
  50  4:56  Viking  
  50  4:59  SCV  
  53  5:06  Marine  
  54  5:26  Banshee, Siege Tank  
  60  5:29  SCV  
  61  5:41  SCV  
  61  5:42  Marine  
  63  5:43  Barracks  
  63  5:44  Barracks  
  63  5:56  Refinery  
  63  5:59  Refinery  
  53  6:25  Marine  
  53  6:26  SCV  
  53  6:31  Banshee  
  58  6:33  Siege Tank  
  58  6:38  SCV  
  55  7:06  SCV  
  56  7:09  Orbital Command  
  56  7:12  Command Center, Barracks Tech Lab  
  56  7:13  Barracks Tech Lab, Marine  
  56  7:15  Siege Tank  
  53  7:24  SCV  
  54  7:36  SCV  
  54  7:37  SCV  
  56  7:40  Banshee  
  56  7:42  Combat Shields  
  56  7:43  Stimpack, Marine x2  
  61  7:55  Siege Tank  
  58  8:01  Marine  
  58  8:02  Barracks Reactor, Marine  
  58  8:03  SCV  
  58  8:04  SCV  
  62  8:15  SCV  
  62  8:19  Missile Turret, Marine  
  64  8:21  Marine  
  63  8:37  Marine  
  63  8:39  Marine  
  50  8:57  Siege Tank  
  50  8:58  Marine x3  
  54  9:06  Viking x2  
  58  9:16  Marauder  
  58  9:17  Missile Turret  
  58  9:18  SCV  
  58  9:19  Orbital Command  
  58  9:23  Terran Infantry Weapons Level 1  
  58  9:26  Engineering Bay, Barracks x2  
  58  9:28  Ghost Academy  
  58  9:31  Marine x2  
  59  9:35  Widow Mine  
  59  9:37  Marine  
  63  9:50  Viking x2  
  61  10:03  Liberator x2  
  61  10:04  Siege Tank  
  61  10:11  Marine x2  
  62  10:14  SCV  
  62  10:18  Nuke  
  62  10:19  Ghost  
  62  10:20  SCV  
  65  10:30  Marine x2  
  63  10:44  SCV x2  
  63  10:48  Marauder, Marine x2  
  63  10:54  Orbital Command  
  63  11:06  Marauder  
  65  11:13  Refinery  
  65  11:15  Siege Tank  
  65  11:16  Command Center, Medivac  
  65  11:17  SCV  
  71  11:24  SCV  
  72  11:25  Marine  
  72  11:27  Refinery, Concussive Shells  
  72  11:29  Barracks Tech Lab  
  73  11:34  SCV  
  73  11:38  Personal Cloaking  
  74  11:47  Siege Tank  
  74  11:53  Missile Turret  
  77  11:55  Missile Turret  
  77  12:07  Viking x2  
  81  12:10  SCV  
  81  12:11  SCV x2  
  84  12:17  Missile Turret, Marine  
  84  12:18  Missile Turret  
  85  12:23  Supply Depot  
  85  12:26  Supply Depot  
  85  12:28  SCV x3, Siege Tank, Marine  
  92  12:33  Orbital Command  
  92  12:35  Missile Turret  
  92  12:56  Sensor Tower  
  92  13:07  SCV x2  
  92  13:08  SCV  
  93  13:28  Barracks Reactor x2  
  93  13:31  Marine x2  
  93  13:32  Marauder  
  97  13:36  SCV  
  98  13:42  SCV  
  98  13:47  Missile Turret  
  99  13:49  Marauder  
  99  13:51  Viking x2, Missile Turret, Orbital Command  
  105  13:56  SCV x2  
  105  13:58  Ghost  
  105  14:01  SCV  
  110  14:08  SCV x2  
  112  14:24  Command Center, Terran Infantry Armor Level 1, Missile Turret  
  112  14:26  Missile Turret  
  112  14:27  Armory  
  112  14:28  Marine x2  
  112  14:29  Marauder  
  116  14:32  Barracks x2  
  116  14:34  Supply Depot x3, Barracks  
  116  14:38  Marauder x2  
  120  14:41  Marine  
  121  14:50  Marauder  
  123  14:53  SCV x2  
  123  14:54  SCV x2  
  123  14:59  Marauder  
  129  15:01  Command Center  
  129  15:05  Marine  
  129  15:06  Marauder  
  132  15:07  Marine  
  132  15:08  Marine x2  
  132  15:09  SCV  
  132  15:11  Marauder  
  138  15:20  Marine  
  139  15:22  Missile Turret x4  
  139  15:23  Marine  
  139  15:25  Barracks Reactor  
  139  15:28  Barracks Tech Lab, Marauder  
  142  15:31  Barracks Reactor, Marine x3  
  142  15:33  Marauder  
  142  15:35  Terran Infantry Weapons Level 2  
  147  15:36  Missile Turret  
  147  15:38  Marine  
  148  15:48  SCV x3  
  148  15:49  SCV  
  152  15:54  Missile Turret  
  152  15:55  Missile Turret  
  152  15:57  Planetary Fortress, Missile Turret x2  
  152  16:04  Refinery  
  152  16:06  SCV  
  153  16:13  Marine x2  
  153  16:14  Marauder x3, Marine  
  153  16:15  Marauder  
  153  16:16  Refinery  
  153  16:18  SCV  
  165  16:19  Missile Turret  
  165  16:30  SCV  
  166  16:35  Supply Depot  
  166  16:41  Marine  
  165  16:52  Marine x5  
  170  16:54  Marine  
  170  16:55  Marine, Marauder x4  
  170  16:59  Marine  
  168  17:14  Marine x4  
  164  17:16  Viking x2, Marauder x2  
  164  17:17  Marine x2  
  164  17:19  Marine  
  164  17:20  Marine x2  
  177  17:24  Terran Infantry Armor Level 2  
  177  17:25  Marine  
  178  17:34  Siege Tank, Marine x2  
  183  17:44  Missile Turret  
  183  17:46  Medivac x2  
  187  17:52  Missile Turret  
  187  17:59  Liberator x2  
  186  18:07  Starport  
  186  18:08  Starport  
  185  18:40  Missile Turret  
  181  18:55  Marine x3  
  171  19:08  Viking x2, Medivac x2  
  163  19:22  Marine x2  
  163  19:23  Marauder x2  
  169  19:29  Marine x2  
  169  19:31  Ghost  
  171  19:34  Nuke  
  163  19:43  Missile Turret  
  152  19:51  Marine x3  
  152  19:52  Marauder x2  
  97  19:55  Marine  
  97  19:56  Marine  
  62  20:21  Marine x3  
  62  20:22  Marauder x2  
  62  20:23  Marauder x2  
  62  20:24  Marine x3  
  68  20:30  Marine x2  
  58  20:39  Marine x3  
  58  20:42  Marine x3  
  62  20:44  Marauder x4  
  62  20:48  Marine x2  
  69  20:57  Marine x3  
  51  20:59  Marine  
  51  21:00  Marine x2  
Tags
 
Add a new tag
Caveats
  • Supply blocks, unpowered buildings, or Contaminate may cause inaccurate times.
  • Supply counts are checked every 10 seconds.